 Dungeon Sprint DCSS version 0.20.1-1-g8b1a95d (webtiles) character file.

634 polve the Carver (level 7, -17/94 HPs)
             Began as a Demonspawn Berserker on July 3, 2017.
             Was a Priest of Trog.
             Demolished by Sonja
             ... wielding a +0 dagger of distortion
              (20 damage)
             ... in the Dungeon (Sprint I: "Red Sonja").
             The game lasted 00:01:41 (1116 turns).

polve the Carver (Demonspawn Berserker)             Turns: 1116, Time: 00:01:41

Health: -17/94     AC:  6    Str: 23    XL:     7   Next: 25%
Magic:  7/7        EV: 15    Int:  8    God:    Trog [***...]
Gold:   110        SH:  0    Dex: 14    Spells: 6/6 levels left

rFire    . . .     SeeInvis .   b - +1 scimitar (elec)
rCold    + . .     Gourm    .   (no shield)
rNeg     . . .     Faith    .   k - +3 leather armour {rC+}
rPois    .         Spirit   .   (no helmet)
rElec    .         Reflect  .   (no cloak)
rCorr    .         Harm     .   (no gloves)
MR       .....     NoTele   +   (no boots)
Stlth    ..........             (no amulet)
Regen    0.3/turn               (no ring)
MPRegen  0.1/turn               (no ring)

@: mighty, berserking, very quick
A: hooves 1, powered by pain 1
a: Berserk, Trog's Hand, Burn Spellbooks, Renounce Religion


You were in the Dungeon.
You worshipped Trog.
Trog was most pleased with you.
You were hungry.

You visited 1 branch You collected 297 gold pieces.
You spent 187 gold pieces at shops.

Inventory:

Hand Weapons
 b - a +1 scimitar of electrocution (weapon)
Armour
 k - a +3 leather armour of cold resistance (worn)
Scrolls
 i - a scroll of blinking
Potions
 d - a potion of curing
 e - a potion of heal wounds
 f - a potion of haste
 g - 2 potions of magic
 h - a potion of berserk rage
Comestibles
 c - a bread ration


   Skills:
 + Level 8.8 Fighting
 + Level 10.7 Long Blades
 + Level 4.3 Armour
 + Level 5.3 Dodging
 + Level 1.3 Stealth


You had 6 spell levels left.
You didn't know any spells.

Dungeon Overview and Level Annotations

Branches:
Dungeon (1/1)

Altars:
Cheibriados
Dithmenos
Elyvilon
Fedhas
Gozag
Hepliaklqana
Kikubaaqudgha
Makhleb
Nemelex Xobeh
Okawaru
Qazlal
Ru
Sif Muna
Trog
Uskayaw
Vehumet
Xom
Yredelemnul
Zin
The Shining One
Jiyva
Lugonu

Shops:
D (

Annotations:
D Sonja


Innate Abilities, Weirdness & Mutations

You have large cloven feet.
You sometimes gain a little power by taking damage.


Message History

Sonja hits you with an uncursed dagger of distortion.
* * * LOW HITPOINT WARNING * * *
Space bends around you.
* * * LOW HITPOINT WARNING * * *
Sonja hits you but does no damage. Space warps horribly around you!
* * * LOW HITPOINT WARNING * * *
Sonja barely misses you.
You miss Sonja. Your kick misses Sonja.
Sonja is moderately wounded.
Sonja completely misses you. Sonja hits you but does no damage.
Sonja hits you with an uncursed dagger of distortion.
* * * LOW HITPOINT WARNING * * *
Space bends around you.
* * * LOW HITPOINT WARNING * * *
You completely miss Sonja. Your kick misses Sonja.
Sonja is moderately wounded.
Sonja hits you with an uncursed dagger of distortion.
* * * LOW HITPOINT WARNING * * *
Space warps horribly around you!
You die...

#..#####'#####'#__#
#..####..#...#|####
#..#__####..##.#§§≈§
#..#_____##'#..§≈§§§
#⌠⌠#_.∩...'..._#§§§§c#
####_..__##_.#+##+####
#_____###'#
#########.##


+$@$+ #$K$# ##.## #+# You could see Sonja.

Vanquished Creatures
  A slime creature (D)
  Sigmund (D)
  A yak (D)
  An ogre (D)
  A jelly (D)
  Ijyb (D)
6 creatures vanquished.

Notes
Turn   | Place    | Note
-------+----------+-------------------------------------------
     0 | D        | polve the Demonspawn Berserker began the quest for the Orb.
     0 | D        | Reached XP level 1. HP: 18/18 MP: 1/1
     1 | D        | Noticed Ijyb
    12 | D        | Killed Ijyb
    12 | D        | Reached skill level 4 in Long Blades
    12 | D        | Gained mutation: You sometimes gain a little power by taking damage. [demonic ancestry]
    12 | D        | Reached XP level 2. HP: 9/26 MP: 2/2
   301 | D        | Noticed an ogre
   308 | D        | Killed an ogre
   308 | D        | Reached skill level 6 in Long Blades
   308 | D        | Reached XP level 3. HP: 34/34 MP: 3/3
   308 | D        | Reached XP level 4. HP: 40/40 MP: 4/4
   331 | D        | Noticed Sigmund
   357 | D        | Killed Sigmund
   357 | D        | Reached ** piety under Trog
   357 | D        | Reached skill level 8 in Long Blades
   357 | D        | Reached XP level 5. HP: 16/49 MP: 5/5
   357 | D        | Reached XP level 6. HP: 18/56 MP: 6/6
   595 | D        | Found a deep blue altar of Sif Muna.
   597 | D        | Found a radiant altar of Vehumet.
   656 | D        | Noticed a centaur warrior
   660 | D        | Found a viscous altar of Jiyva.
   660 | D        | Found a corrupted altar of Lugonu.
   660 | D        | Noticed a slime creature
   661 | D        | Found a burning altar of Makhleb.
   661 | D        | Found a shimmering altar of Xom.
   695 | D        | Killed a slime creature
   695 | D        | Reached skill level 10 in Long Blades
   695 | D        | Reached skill level 1 in Stealth
   972 | D        | Found Geruocig's Weapon Emporium.
   972 | D        | Found an ancient bone altar of Kikubaaqudgha.
   972 | D        | Found a hazy altar of Hepliaklqana.
   972 | D        | Found a hide-covered altar of Uskayaw.
   972 | D        | Found a basalt altar of Yredelemnul.
   972 | D        | Found an opulent altar of Gozag.
   972 | D        | Found a snail-covered altar of Cheibriados.
   972 | D        | Found a sacrificial altar of Ru.
   972 | D        | Found a shadowy altar of Dithmenos.
   972 | D        | Noticed a yak
   986 | D        | Killed a yak
   986 | D        | Reached *** piety under Trog
   986 | D        | Reached skill level 5 in Dodging
   986 | D        | Gained mutation: You have large cloven feet. [demonic ancestry]
   986 | D        | Reached XP level 7. HP: 41/63 MP: 7/7
  1097 | D        | Found a stormy altar of Qazlal.
  1097 | D        | Found a blossoming altar of Fedhas.
  1097 | D        | Found a bloodstained altar of Trog.
  1097 | D        | Found an iron altar of Okawaru.
  1097 | D        | Found a glowing golden altar of the Shining One.
  1097 | D        | Found a glowing silver altar of Zin.
  1097 | D        | Found a white marble altar of Elyvilon.
  1098 | D        | Found a sparkling altar of Nemelex Xobeh.
  1102 | D        | Bought a +1 scimitar of electrocution for 187 gold pieces
  1109 | D        | Noticed Sonja
  1116 | D        | HP: 3/94 [Sonja/uncursed dagger of distortion (4)]
  1116 | D        | Demolished by Sonja

Skill      XL: |  1  2  3  4  5  6 |
---------------+-------------------+-----
Fighting       | 4 6 7 8 |  8.8
Long Blades    | 4 6 8 10 | 10.7
Armour         | 2 3 4 |  4.3
Dodging        | 2 3 5 |  5.3
Stealth        | 1 |  1.3

Action                   |  1- 3 |  4- 6 |  7- 9 || total
-------------------------+-------+-------+-------++-------
Melee: Falchion          |    14 |    55 |       ||    69
       Scimitar          |       |       |     3 ||     3
Invok: Berserk           |     2 |     2 |     1 ||     5
  Eat: Bread ration      |       |     1 |       ||     1
Armor: Leather armour    |       |     4 |     3 ||     7
Dodge: Dodged            |     8 |    29 |     7 ||    44
       Rpst.: Falchion   |     5 |     6 |       ||    11
       Scimitar          |       |       |     2 ||     2
